 Dungeon Crawl Stone Soup version 0.21.1-1-g345015f (webtiles) character file.

121 sking99 the Cudgeler (level 4, -5/41 HPs)
             Began as a Minotaur Fighter on June 28, 2018.
             Slain by sking99's ghost (13 damage)
             ... on level 3 of the Dungeon.
             The game lasted 00:03:03 (1430 turns).

sking99 the Cudgeler (Minotaur Fighter)             Turns: 1430, Time: 00:03:04

Health: -5/41      AC: 10    Str: 20    XL:     4   Next: 76%
Magic:  3/3        EV:  7    Int:  5    God:
Gold:   128        SH:  9    Dex: 11    Spells: 3/3 levels left

rFire    . . .     SeeInvis .   a - +0 flail
rCold    . . .     Gourm    .   c - +0 shield
rNeg     . . .     Faith    .   b - +0 scale mail
rPois    .         Spirit   .   (helmet restricted)
rElec    .         Reflect  .   (no cloak)
rCorr    .         Harm     .   k - +2 pair of gloves
MR       .....                  (no boots)
Stlth    ..........             (no amulet)
HPRegen  0.13/turn              (no ring)
MPRegen  0.08/turn              (no ring)

@: no status effects
A: retaliatory headbutt, horns 2
a: no special abilities


You were on level 3 of the Dungeon.
You were hungry.

You visited 1 branch of the dungeon, and saw 3 of its levels.

You collected 128 gold pieces.

Inventory:

Hand Weapons
 a - a +0 flail (weapon)
 q - a +1 whip of holy wrath
Armour
 b - a +0 scale mail (worn)
 c - a +0 shield (worn)
 k - a +2 pair of gloves (worn)
Jewellery
 i - an uncursed ring of protection from cold {unknown}
Wands
 s - a wand of disintegration (15)
Scrolls
 e - 2 scrolls of identify {unknown}
 h - a scroll of remove curse {unknown}
 j - 2 scrolls of teleportation {unknown}
 l - a scroll of fog {unknown}
 m - a scroll of blinking {unknown}
 o - a scroll of fear {unknown}
 r - a scroll of noise {unknown}
Potions
 d - a potion of might
 p - a potion of ambrosia
Comestibles
 f - 4 rations


   Skills:
 + Level 4.8 Fighting
 * Level 5.2 Maces & Flails
 - Level 3.6 Armour
 - Level 3.6 Shields


You had 3 spell levels left.
You didn't know any spells.

Dungeon Overview and Level Annotations

Branches:
Dungeon (3/15)

Altars:

Annotations:
D:3 sking99's ghost, amateur MiFi


Innate Abilities, Weirdness & Mutations

You reflexively headbutt those who attack you in melee.
You have a pair of horns on your head.


Message History

You furiously retaliate!
You headbutt sking99's ghost, but do no damage.
You closely miss sking99's ghost.
Sking99's ghost is heavily damaged.
Sking99's ghost hits you!
You thump sking99's ghost!
Sking99's ghost is severely damaged.
You block sking99's ghost's attack.
You barely miss sking99's ghost. You headbutt sking99's ghost.
Sking99's ghost is almost destroyed.
Sking99's ghost hits you!
* * * LOW HITPOINT WARNING * * *
You hit sking99's ghost. Your headbutt misses sking99's ghost.
Sking99's ghost is almost destroyed.
Sking99's ghost wails, "You must not fail where I succeeded!"
Sking99's ghost hits you.
* * * LOW HITPOINT WARNING * * *
Sking99's ghost barely misses you. Sking99's ghost hits you!
You die...

.........#....###
.........#......#
.....W...#...#
.........W...#
.........#[#.#
.........#.[.#
.........##..#
.........##..#####
.#######.......W@#
. #.........#
#.........#
#.......).#
#.........#
###########


You could see sking99's ghost.

Vanquished Creatures
  2 orc wizards (D:3)
  Robin (D:1)
  An ooze (D:3)
  A worm (D:3)
  2 dart slugs (D:2)
  A leopard gecko (D:1)
  3 orcs (D:3)
  6 bats
  9 goblins
  5 hobgoblins
  3 kobolds (D:2)
  A quokka (D:2)
  4 rats
39 creatures vanquished.

Notes
Turn   | Place    | Note
-------+----------+-------------------------------------------
     0 | D:1      | sking99 the Minotaur Fighter began the quest for the Orb.
     0 | D:1      | Reached XP level 1. HP: 19/19 MP: 0/0
   217 | D:1      | Reached skill level 3 in Maces & Flails
   279 | D:1      | Reached XP level 2. HP: 27/27 MP: 1/1
   623 | D:2      | Noticed Robin
   643 | D:1      | Killed Robin
   643 | D:1      | Reached skill level 4 in Maces & Flails
   643 | D:1      | Reached XP level 3. HP: 18/33 MP: 2/2
  1063 | D:3      | Reached XP level 4. HP: 39/41 MP: 3/3
  1066 | D:3      | Reached skill level 5 in Maces & Flails
  1164 | D:3      | Noticed sking99's ghost (amateur MiFi)
  1430 | D:3      | Slain by sking99's ghost

Skill      XL: |  1  2  3  4 |
---------------+-------------+-----
Maces & Flails | 3 4 5 |  5.2
Fighting       | 4 |  4.8
Armour         | |  3.6
Shields        | |  3.6

Action                   |  1- 3 |  4- 6 || total
-------------------------+-------+-------++-------
Melee: Flail             |    92 |    20 ||   112
       Headbutt          |    12 |     6 ||    18
  Use: Potion            |     3 |       ||     3
  Eat: Chunk             |       |     1 ||     1
Armor: Scale mail        |    62 |     2 ||    64
Dodge: Dodged            |    37 |     5 ||    42
Block: Shield            |    65 |     9 ||    74
